| TOP OF THE 1ST |
|
New Orleans Zephyrs batting - Pitching for Syracuse Chiefs : RHP Travis Hardin
|
|
Pitching: RHP Travis Hardin
|
|
|
Batting: LHB David Doge
|
0-0: Ball 1-0: Foul Ball, location: 2F 1-1: Ball 2-1: Ground out 6-3 (Groundball, 6, EV 98.8 MPH)
|
|
Batting: SHB Ramon Martinez
|
0-0: Called Strike 0-1: Ball 1-1: Called Strike 1-2: Ball 2-2: Ball 3-2: Base on Balls
|
|
Batting: RHB Manuel Taveras
|
0-0: Called Strike 0-1: Swinging Strike 0-2: Foul Ball, location: 2F 0-2: Strikes out looking
|
|
Batting: LHB Eric Bailey
|
0-0: Called Strike 0-1: Ball 1-1: Ball 2-1: Foul Ball, location: 2F 2-2: Ball Ramon Martinez is caught stealing 2nd base 2-6
|
| Top of the 1st over - 0 runs, 0 hits, 0 errors, 0 left on base; New Orleans 0 - Syracuse 0 |
| BOTTOM OF THE 1ST |
|
Syracuse Chiefs batting - Pitching for New Orleans Zephyrs : RHP Willie Ramos
|
|
Pitching: RHP Willie Ramos
|
|
|
Batting: RHB Dusty Ballard
|
0-0: Ball 1-0: Foul Ball, location: 2F 1-1: Foul Ball, location: 2F 1-2: Ball 2-2: Foul Ball, location: 2F 2-2: Strikes out looking
|
|
Batting: RHB Hisayuki Akiyama
|
0-0: Ball 1-0: Called Strike 1-1: Foul Ball, location: 2F 1-2: Ball 2-2: Strikes out swinging
|
|
Batting: LHB Tim Olsen
|
0-0: Ball 1-0: Fly out, F8 (Flyball, 8LXD, EV 102.5 MPH)
|
| Bottom of the 1st over - 0 runs, 0 hits, 0 errors, 0 left on base; New Orleans 0 - Syracuse 0 |
| TOP OF THE 2ND |
|
New Orleans Zephyrs batting - Pitching for Syracuse Chiefs : RHP Travis Hardin
|
|
Batting: LHB Eric Bailey
|
0-0: Ball 1-0: Foul Ball, location: 2F 1-1: Ball 2-1: Foul Ball, location: 2F 2-2: Ground out 6-3 (Groundball, 6, EV 101.9 MPH)
|
|
Batting: RHB Isaiah Brockman
|
0-0: Foul Ball, location: 2F 0-1: Called Strike 0-2: Ball 1-2: Ball 2-2: Ball 3-2: SINGLE (Line Drive, 89S, EV 102.5 MPH)
|
|
Batting: RHB Rafael Irizarry
|
0-0: Fly out, F8 (Flyball, 8RS, EV 88.8 MPH)
|
|
Batting: RHB Orlando Landa
|
0-0: Called Strike 0-1: Foul Ball, location: 2F 0-2: Ball 1-2: Foul Ball, location: 2F 1-2: Strikes out swinging
|
| Top of the 2nd over - 0 runs, 1 hit, 0 errors, 1 left on base; New Orleans 0 - Syracuse 0 |
| BOTTOM OF THE 2ND |
|
Syracuse Chiefs batting - Pitching for New Orleans Zephyrs : RHP Willie Ramos
|
|
Batting: LHB Jae-ik Soung
|
0-0: Foul Ball, location: 2F 0-1: Ball 1-1: Foul Ball, location: 2F 1-2: SINGLE (Groundball, 5D, EV 108.8 MPH)
|
|
Batting: RHB Antonio Laurel
|
0-0: Ball 1-0: Foul Ball, location: 2F 1-1: SINGLE (Line Drive, 78S, EV 95.0 MPH) Jae-ik Soung to second
|
|
Batting: LHB Alexis Cantu
|
0-0: Ball 1-0: Ball 2-0: Called Strike 2-1: Grounds into double play, 6-4-3 (Groundball, 6, EV 96.9 MPH) Jae-ik Soung to third
|
|
Batting: RHB Nate Dickinson
|
0-0: Ball 1-0: Swinging Strike 1-1: Ball 2-1: TRIPLE (Flyball, 8LXD, EV 101.9 MPH) Jae-ik Soung scores
|
|
Batting: LHB Evan Oliveri
|
0-0: Ball 1-0: Called Strike 1-1: Called Strike 1-2: Ball 2-2: Ball 3-2: Strikes out looking
|
| Bottom of the 2nd over - 1 run, 3 hits, 0 errors, 1 left on base; New Orleans 0 - Syracuse 1 |
| TOP OF THE 3RD |
|
New Orleans Zephyrs batting - Pitching for Syracuse Chiefs : RHP Travis Hardin
|
|
Batting: RHB Boof Howell
|
0-0: Ball 1-0: DOUBLE (Line Drive, 78D, EV 108.1 MPH)
|
|
Batting: SHB Greg Rivera
|
0-0: Called Strike 0-1: SINGLE (Line Drive, 78S, EV 97.5 MPH) Boof Howell to third Runner from 3rd tries for Home, SAFE, throw by LF to home
|
|
Batting: LHB David Doge
|
0-0: Called Strike 0-1: Foul Ball, location: 2F 0-2: Ball 1-2: Foul Ball, location: 2F 1-2: Foul Ball, location: 2F 1-2: Foul Ball, location: 2F 1-2: Ball 2-2: Ball 3-2: Foul Ball, location: 2F 3-2: Fly out, F5 (Popup, 6S, EV 71.2 MPH)
|
|
Batting: SHB Ramon Martinez
|
0-0: Ball 1-0: Foul Ball, location: 2F 1-1: Swinging Strike 1-2: Foul Ball, location: 2F 1-2: Strikes out looking
|
|
Batting: RHB Manuel Taveras
|
0-0: Called Strike 0-1: Ground out 5-3 (Groundball, 15, EV 87.5 MPH)
|
| Top of the 3rd over - 1 run, 2 hits, 0 errors, 1 left on base; New Orleans 1 - Syracuse 1 |
| BOTTOM OF THE 3RD |
|
Syracuse Chiefs batting - Pitching for New Orleans Zephyrs : RHP Willie Ramos
|
|
Batting: RHB Willie de los Santos
|
0-0: Foul Ball, location: 2F 0-1: Ball 1-1: Foul Ball, location: 2F 1-2: Ball 2-2: Ball 3-2: DOUBLE (Line Drive, 9LS, EV 98.8 MPH)
|
|
Batting: RHB Dusty Ballard
|
0-0: SINGLE (Groundball, 56S, EV 73.1 MPH) (infield hit) Willie de los Santos to third
|
|
Batting: RHB Hisayuki Akiyama
|
0-0: Grounds into double play, 6-4-3 (Groundball, 6, EV 86.9 MPH) Willie de los Santos scores
|
|
Batting: LHB Tim Olsen
|
0-0: Called Strike 0-1: Ball 1-1: Foul Ball, location: 2F 1-2: Ground out 4-3 (Groundball, 4, EV 84.4 MPH)
|
| Bottom of the 3rd over - 1 run, 2 hits, 0 errors, 0 left on base; New Orleans 1 - Syracuse 2 |
| TOP OF THE 4TH |
|
New Orleans Zephyrs batting - Pitching for Syracuse Chiefs : RHP Travis Hardin
|
|
Batting: LHB Eric Bailey
|
0-0: Ball 1-0: Foul Ball, location: 2F 1-1: Foul Ball, location: 2F 1-2: Foul Ball, location: 2F 1-2: Foul Ball, location: 2F 1-2: Strikes out swinging
|
|
Batting: RHB Isaiah Brockman
|
0-0: Swinging Strike 0-1: Foul Ball, location: 2F 0-2: Foul Ball, location: 2F 0-2: Ball 1-2: Reached on error, E3 (Groundball, 34, EV 81.2 MPH)
|
|
Batting: RHB Rafael Irizarry
|
0-0: Called Strike 0-1: Ball 1-1: Foul Ball, location: 2F 1-2: Strikes out swinging
|
|
Batting: RHB Orlando Landa
|
0-0: Ball 1-0: Ball 2-0: Foul Ball, location: 2F 2-1: Swinging Strike 2-2: Foul Ball, location: 2F 2-2: Reached on error, E6 (Groundball, 6, EV 100.6 MPH) Isaiah Brockman to third
|
|
Batting: RHB Boof Howell
|
0-0: Ball 1-0: Ball Orlando Landa steals 2nd base 2-0: Called Strike 2-1: Ball 3-1: Swinging Strike 3-2: Strikes out swinging
|
| Top of the 4th over - 0 runs, 0 hits, 2 errors, 2 left on base; New Orleans 1 - Syracuse 2 |
| BOTTOM OF THE 4TH |
|
Syracuse Chiefs batting - Pitching for New Orleans Zephyrs : RHP Willie Ramos
|
|
Batting: LHB Jae-ik Soung
|
0-0: Ball 1-0: Ball 2-0: Called Strike 2-1: Called Strike 2-2: Foul Ball, location: 2F 2-2: Strikes out swinging
|
|
Batting: RHB Antonio Laurel
|
0-0: Ball 1-0: Ground out 6-3 (Groundball, 6, EV 91.9 MPH)
|
|
Batting: LHB Alexis Cantu
|
0-0: Called Strike 0-1: Ball 1-1: Ball 2-1: Foul Ball, location: 2F 2-2: Ball 3-2: Strikes out swinging
|
| Bottom of the 4th over - 0 runs, 0 hits, 0 errors, 0 left on base; New Orleans 1 - Syracuse 2 |
| TOP OF THE 5TH |
|
New Orleans Zephyrs batting - Pitching for Syracuse Chiefs : RHP Travis Hardin
|
|
Batting: SHB Greg Rivera
|
0-0: Ball 1-0: Called Strike 1-1: Ball 2-1: Called Strike 2-2: Ground out 1-3 (Groundball, 34S, EV 70.6 MPH)
|
|
Batting: LHB David Doge
|
0-0: Ball 1-0: Ground out 6-3 (Groundball, 6, EV 79.4 MPH)
|
|
Batting: SHB Ramon Martinez
|
0-0: Fly out, F7 (Flyball, 7LS, EV 91.2 MPH)
|
| Top of the 5th over - 0 runs, 0 hits, 0 errors, 0 left on base; New Orleans 1 - Syracuse 2 |
| BOTTOM OF THE 5TH |
|
Syracuse Chiefs batting - Pitching for New Orleans Zephyrs : RHP Willie Ramos
|
|
Batting: RHB Nate Dickinson
|
0-0: Foul Ball, location: 2F 0-1: Foul Ball, location: 2F 0-2: SINGLE (Line Drive, 6MD, EV 93.8 MPH)
|
|
Batting: LHB Evan Oliveri
|
0-0: Ball Nate Dickinson is caught stealing 2nd base 2-6 1-0: Called Strike 1-1: Ball 2-1: Ball 3-1: Base on Balls
|
|
Batting: RHB Willie de los Santos
|
0-0: DOUBLE (Line Drive, 7LS, EV 108.1 MPH) Evan Oliveri to third Runner from 3rd tries for Home, SAFE, no throw by LF
|
|
Batting: RHB Dusty Ballard
|
0-0: Foul Ball, location: 2F 0-1: Ball 1-1: Ball 2-1: Ball 3-1: Called Strike 3-2: Foul Ball, location: 2F 3-2: Base on Balls
|
|
Batting: RHB Hisayuki Akiyama
|
0-0: Ball 1-0: Ball 2-0: Called Strike 2-1: Foul Ball, location: 2F 2-2: Fly out, F8 (Flyball, 78M, EV 88.1 MPH)
|
|
Batting: LHB Tim Olsen
|
0-0: Ball 1-0: Ball 2-0: Called Strike 2-1: Foul Ball, location: 2F 2-2: Ground out U3 (Groundball, 34, EV 81.2 MPH)
|
| Bottom of the 5th over - 1 run, 2 hits, 0 errors, 2 left on base; New Orleans 1 - Syracuse 3 |
| TOP OF THE 6TH |
|
New Orleans Zephyrs batting - Pitching for Syracuse Chiefs : RHP Travis Hardin
|
|
Batting: RHB Manuel Taveras
|
0-0: Foul Ball, location: 2F 0-1: Ground out 5-3 (Groundball, 56, EV 81.9 MPH)
|
|
Batting: LHB Eric Bailey
|
0-0: Ball 1-0: Ball 2-0: Ball 3-0: Base on Balls
|
|
Batting: RHB Isaiah Brockman
|
0-0: Called Strike 0-1: Ball 1-1: Ball Eric Bailey steals 2nd base 2-1: Foul Ball, location: 2F 2-2: Foul Ball, location: 2F 2-2: Foul Ball, location: 2F 2-2: Ball 3-2: Strikes out swinging
|
|
Pitching: RHP T.J. Stahlman
|
|
|
Batting: RHB Rafael Irizarry
|
0-0: Ball 1-0: Called Strike 1-1: Foul Ball, location: 2F 1-2: Ball 2-2: Ball 3-2: Strikes out swinging
|
| Top of the 6th over - 0 runs, 0 hits, 0 errors, 1 left on base; New Orleans 1 - Syracuse 3 |
| BOTTOM OF THE 6TH |
|
Syracuse Chiefs batting - Pitching for New Orleans Zephyrs : RHP Willie Ramos
|
|
Batting: LHB Jae-ik Soung
|
0-0: Called Strike 0-1: Swinging Strike 0-2: Fly out, F8 (Flyball, 8RS, EV 86.2 MPH)
|
|
Batting: RHB Antonio Laurel
|
0-0: Ball 1-0: Swinging Strike 1-1: Ball 2-1: Ball 3-1: Called Strike 3-2: Foul Ball, location: 2F 3-2: Base on Balls
|
|
Batting: LHB Alexis Cantu
|
0-0: Ball 1-0: Ball 2-0: Called Strike 2-1: Called Strike 2-2: Foul Ball, location: 2F 2-2: Foul Ball, location: 2F 2-2: Foul Ball, location: 2F 2-2: Foul Ball, location: 2F 2-2: Ball 3-2: Grounds into double play, 4-6-3 (Groundball, 4, EV 88.8 MPH)
|
| Bottom of the 6th over - 0 runs, 0 hits, 0 errors, 0 left on base; New Orleans 1 - Syracuse 3 |
| TOP OF THE 7TH |
|
New Orleans Zephyrs batting - Pitching for Syracuse Chiefs : RHP T.J. Stahlman
|
|
Batting: RHB Orlando Landa
|
0-0: Foul Ball, location: 2F 0-1: Called Strike 0-2: Fly out, F9 (Flyball, 9, EV 86.9 MPH)
|
|
Batting: RHB Boof Howell
|
0-0: Ball 1-0: Swinging Strike 1-1: Swinging Strike 1-2: Strikes out swinging
|
|
Batting: SHB Greg Rivera
|
0-0: Called Strike 0-1: Ground out U3 (Groundball, 3, EV 88.1 MPH)
|
| Top of the 7th over - 0 runs, 0 hits, 0 errors, 0 left on base; New Orleans 1 - Syracuse 3 |
| BOTTOM OF THE 7TH |
|
Syracuse Chiefs batting - Pitching for New Orleans Zephyrs : RHP Willie Ramos
|
|
Pitching: RHP Chris Forster
|
|
|
Batting: RHB Nate Dickinson
|
0-0: Called Strike 0-1: Ball 1-1: Ball 2-1: Fly out, F3 (Popup, 3S, EV 67.5 MPH)
|
|
Batting: LHB Evan Oliveri
|
0-0: Called Strike 0-1: DOUBLE (Flyball, 8LD, EV 90.6 MPH)
|
|
Batting: RHB Willie de los Santos
|
0-0: Called Strike 0-1: Ground out 5-3 (Groundball, 56, EV 83.1 MPH)
|
|
Batting: RHB Dusty Ballard
|
0-0: Ball 1-0: Called Strike 1-1: Ball 2-1: Ball 3-1: Fly out, F8 (Flyball, 8LXD, EV 101.9 MPH)
|
| Bottom of the 7th over - 0 runs, 1 hit, 0 errors, 1 left on base; New Orleans 1 - Syracuse 3 |
| TOP OF THE 8TH |
|
New Orleans Zephyrs batting - Pitching for Syracuse Chiefs : RHP T.J. Stahlman
|
|
Batting: LHB David Doge
|
0-0: Called Strike 0-1: Ball 1-1: Called Strike 1-2: Foul Ball, location: 2F 1-2: Strikes out looking
|
|
Batting: SHB Ramon Martinez
|
0-0: Called Strike 0-1: Swinging Strike 0-2: Ball 1-2: Ground out U3 (Groundball, 3, EV 88.1 MPH)
|
|
Batting: RHB Manuel Taveras
|
0-0: Called Strike 0-1: Ball 1-1: Foul Ball, location: 2F 1-2: SINGLE (Groundball, 6M, EV 101.2 MPH) (infield hit)
|
|
Batting: LHB Eric Bailey
|
0-0: Ball 1-0: Ball 2-0: Called Strike 2-1: Foul Ball, location: 2F 2-2: 2-RUN HOME RUN (Flyball, 89XD, EV 100.6 MPH), Distance : 408 ft
|
|
Batting: RHB Isaiah Brockman
|
0-0: Ball 1-0: Ground out U3 (Groundball, 34, EV 95.6 MPH)
|
| Top of the 8th over - 2 runs, 2 hits, 0 errors, 0 left on base; New Orleans 3 - Syracuse 3 |
| BOTTOM OF THE 8TH |
|
Syracuse Chiefs batting - Pitching for New Orleans Zephyrs : RHP Chris Forster
|
|
Pitching: LHP Hideo Komatsu
|
|
|
Batting: RHB Hisayuki Akiyama
|
0-0: Called Strike 0-1: Swinging Strike 0-2: Strikes out swinging
|
|
Batting: LHB Tim Olsen
|
0-0: Ball 1-0: Foul Ball, location: 2F 1-1: Foul Ball, location: 2F 1-2: Strikes out looking
|
|
Batting: LHB Jae-ik Soung
|
0-0: Ball 1-0: Fly out, F6 (Popup, 6MD, EV 56.9 MPH)
|
| Bottom of the 8th over - 0 runs, 0 hits, 0 errors, 0 left on base; New Orleans 3 - Syracuse 3 |
| TOP OF THE 9TH |
|
New Orleans Zephyrs batting - Pitching for Syracuse Chiefs : RHP T.J. Stahlman
|
|
Pitching: RHP Chris Lawrence
|
|
|
Batting: RHB Rafael Irizarry
|
0-0: Ball 1-0: Ball 2-0: Called Strike 2-1: Foul Ball, location: 2F 2-2: Ball 3-2: Strikes out swinging
|
|
Batting: RHB Orlando Landa
|
0-0: Swinging Strike 0-1: Foul Ball, location: 2F 0-2: TRIPLE (Flyball, 89XD, EV 111.9 MPH)
|
|
Batting: RHB Boof Howell
|
0-0: Swinging Strike 0-1: Ball 1-1: SINGLE (Groundball, 4D, EV 93.8 MPH) Orlando Landa scores
|
|
Batting: SHB Greg Rivera
|
0-0: Swinging Strike 0-1: Ball 1-1: Ball 2-1: Ball 3-1: Fielders Choice at 2nd, 1-6 (Groundball, 23, EV 73.1 MPH)
|
|
Batting: LHB David Doge
|
0-0: Ball 1-0: Called Strike 1-1: Fielders Choice at 2nd, 5-4 (Groundball, 56, EV 86.2 MPH)
|
| Top of the 9th over - 1 run, 2 hits, 0 errors, 1 left on base; New Orleans 4 - Syracuse 3 |
| BOTTOM OF THE 9TH |
|
Syracuse Chiefs batting - Pitching for New Orleans Zephyrs : LHP Hideo Komatsu
|
|
Now in RF: Harrie de Kam
|
|
|
Batting: RHB Antonio Laurel
|
0-0: Foul Ball, location: 2F 0-1: Called Strike 0-2: Foul Ball, location: 2F 0-2: Ball 1-2: Ball 2-2: Strikes out swinging
|
|
Batting: LHB Alexis Cantu
|
0-0: Ball 1-0: Swinging Strike 1-1: Foul Ball, location: 2F 1-2: Strikes out looking
|
|
Batting: RHB Nate Dickinson
|
0-0: Called Strike 0-1: Foul Ball, location: 2F 0-2: Ball 1-2: Ball 2-2: Ball 3-2: Strikes out swinging
|
| Bottom of the 9th over - 0 runs, 0 hits, 0 errors, 0 left on base; New Orleans 4 - Syracuse 3 |
|